Map: Para-cité EC

Players

IIIIIIIIIIII

  • Race: Zerg Zerg
  • League: Gold
  • Spawn Location: 5:00

zidar - Winner!

  • Race: Zerg Zerg
  • League: Gold
  • Spawn Location: 11:00

VOD

Have the link to the VOD?

Description

Time

  • Played on: Dec. 30, 2018, 2:33 p.m.
  • Length: 3:43
Show
View Real Time Build Order
Export as new Build Order

IIIIIIIIIIII Zerg 

Build Orders: Pool First 

Get SALT Encoding   

  12  0:07  Overlord  
  12  0:13  Drone  
  13  0:16  Drone  
  14  0:23  Extractor  
  14  0:24  Drone  
  14  0:30  Drone  
  15  0:41  Drone  
  16  0:53  Spawning Pool, Drone  
  16  1:03  Drone  
  17  1:13  Drone  
  18  1:24  Drone  
  19  1:34  Drone  
  20  1:40  Queen  
  20  1:46  Overlord  
  22  1:53  Hatchery  
  21  1:57  Drone  
  22  2:04  Baneling Nest  
  21  2:10  Drone  
  22  2:20  Zergling x2  
  23  2:26  Extractor  
  22  2:31  Zergling x2  
  23  2:46  Zergling x2  
  24  2:55  Zergling x6  
  27  3:06  Zergling x4  
Show
View Real Time Build Order
Export as new Build Order

zidar Zerg - Winner!

Build Orders: 1 Base Baneling Bust, Pool Only 

Get SALT Encoding   

  12  0:01  Drone  
  13  0:08  Drone  
  13  0:13  Extractor  
  13  0:16  Drone  
  14  0:36  Spawning Pool  
  14  0:41  Drone  
  14  0:47  Overlord  
  14  1:19  Overlord  
  14  1:22  Queen  
  14  1:25  Zergling x4  
  18  1:31  Metabolic Boost  
  18  1:34  Zergling x2  
  19  1:55  Zergling x2  
  19  1:56  Zergling x2  
  21  2:09  Zergling x2  
  22  2:19  Zergling x2  
  23  2:28  Baneling Nest  
  22  2:30  Zergling x2  
  22  2:34  Zergling x6  
  26  2:58  Zergling x4  
  28  3:07  Zergling x4  
Tags
 
Add a new tag
Caveats
  • Supply blocks, unpowered buildings, or Contaminate may cause inaccurate times.
  • Supply counts are checked every 10 seconds.